AoeStats
← [RZ] HardZeeiRa-BR

Arabia

508228356Analyzed
1v1 RM · 11d ago on Sep 21, 2026· 56m 45s· 2 players
Game mode
Random Map
Map size
Tiny (2 player)
Population
200
Speed
Normal
Resources
Standard
Victory
Conquest
Starting age
Dark Age
Ending age
Imperial Age
RankedLock teamsTeams togetherTeam positionsShared explorationLock speedFull tech treeHidden civsTurbo modeCheats
Victory
Defeat
🇧🇷 Lithuanians · Brazil
1124
+14
🇨🇳 Sicilians · China
1084
-14
[RZ] HardZeeiRa-BR
6:10 Loom
8:57 Feudal Age
10:27 Double-Bit Axe
16:51 Fletching
25:37 Wheelbarrow
27:46 Castle Age
27:17 Forging
27:30 Scale Barding Armor
28:01 Horse Collar
28:35 Bloodlines
28:48 Crossbowman
31:43 Chain Barding Armor
35:34 Iron Casting
35:21 Gold Mining
36:14 Pikeman
37:30 Husbandry
41:45 Stone Mining
47:58 Imperial Age
48:16 Bodkin Arrow
48:02 Cavalier
51:01 Conscription
51:19 Bracer
54:13 Hill Forts
57:15 Tower Shields
鸟出一片田
9:06 Loom
11:36 Feudal Age
9:52 Loom
14:28 Scale Barding Armor
19:37 Double-Bit Axe
20:18 Fletching
22:06 Forging
25:39 Bloodlines
26:32 Horse Collar
32:24 Castle Age
31:08 Gold Mining
32:55 Scale Mail Armor
32:30 Light Cavalry
33:25 Pikeman
36:30 Squires
36:21 Arson
38:05 Iron Casting
39:51 Chain Barding Armor
40:15 Heavy Plow
42:19 Husbandry
45:03 Chain Mail Armor
47:47 Bow Saw
53:26 Imperial Age
52:13 Wheelbarrow
52:53 Gold Shaft Mining
53:28 Cavalier
55:20 Conscription
56:37 Plate Barding Armor
Connection lost

Rejoining the realm…

Still unreachable

The connection could not be restored.

Session expired

The server has moved on; the page needs a fresh start.